 Dungeon Crawl Stone Soup version 0.10.0-21-g6e717ff character file.

3042 dpeg the Reanimator (level 9, -3/45 HPs)
             Began as a Tengu Necromancer on Mar 6, 2012.
             Killed by divine providence
             ... invoked by an orc priest
              (10 damage)
             ... on Level 8 of the Dungeon.
             The game lasted 00:36:59 (11964 turns).

dpeg the Reanimator (Tengu Necromancer)            Turns: 11964, Time: 00:36:59

HP  -3/45        AC  6     Str 11      XL: 9   Next: 52%
MP   6/23        EV 12     Int 19      God:
Gold 325         SH  0     Dex 14      Spells:  5 memorised,  7 levels left

Res.Fire  : . . .   See Invis. : .   A - +1,+0 dagger (pain)
Res.Cold  : . . .   Warding    : . . H - +1 leather armour
Life Prot.: + . .   Conserve   : .   (no shield)
Res.Acid. : . . .   Res.Corr.  : .   (helmet restricted)
Res.Poison: .       Clarity    : +   t - +0 cloak
Res.Elec. : .       Spirit.Shd : .   F - +0 pair of elf gauntlets
Sust.Abil.: . .     Stasis     : .   (boots unavailable)
Res.Mut.  : .       Ctrl.Telep.: .   E - amulet of clarity
Res.Rott. : .       Levitation : .   s - ring of life protection
Saprovore : . . .   Ctrl.Flight: +   i - +2 ring of strength

@: slightly resistant to hostile enchantments, fairly stealthy
A: able to fly, beak, talons 3
a: Fly


You were on level 8 of the Dungeon.
You were not hungry.

You visited 2 branches of the dungeon, and saw 9 of its levels.
You visited 1 portal chamber: sewer.

You collected 305 gold pieces.

Inventory:

Hand weapons
 y - a +1,+1 elven short sword of electrocution
 A - a +1,+0 dagger of pain (weapon)
 W - a +0,+1 orcish war axe of electrocution
 Z - a +1,+1 orcish dagger of venom
Missiles
 m - 8 +0 darts of frost (quivered)
 x - a +0 throwing net
 S - 2 curare-tipped +0 needles
Armour
 t - a +0 cloak (worn)
 F - a +0 pair of elven gauntlets (worn)
 H - a +1 leather armour (worn)
Magical devices
 u - a wand of enslavement (4) {unknown}
 L - a wand of disintegration (6)
 T - a wand of flame (17) {unknown}
Comestibles
 a - 3 rotting chunks of centaur flesh
 c - 7 bread rations
 f - a lemon
 p - a meat ration
 K - 2 pears
 Y - a chunk of giant gecko flesh
Scrolls
 d - 4 scrolls of recharging {unknown}
 e - a scroll of enchant weapon II {unknown}
 g - 2 scrolls of teleportation
 j - 2 scrolls of curse jewellery {unknown}
 k - 2 scrolls of fog {unknown}
 l - 2 scrolls of identify
 n - 2 scrolls of fear {unknown}
 q - 3 scrolls of magic mapping
 r - 2 scrolls of blinking {unknown}
 v - 3 scrolls of detect curse
 w - a scroll of enchant weapon I {unknown}
 C - a scroll of amnesia {unknown}
 G - a scroll of enchant armour {unknown}
 J - 2 scrolls of immolation {unknown}
 M - 3 scrolls of remove curse
 Q - a scroll of vulnerability {unknown}
 X - a scroll of silence {unknown}
Jewellery
 i - a +2 ring of strength (left hand)
 s - a ring of life protection (right hand)
 E - an amulet of clarity (around neck)
 O - an uncursed amulet of guardian spirit {unknown}
Potions
 h - a potion of slowing {unknown}
 o - a potion of curing
 z - a potion of paralysis {unknown}
 B - a potion of might {unknown}
 I - a potion of heal wounds {unknown}
 N - a potion of restore abilities {unknown}
 P - 2 potions of brilliance {unknown}
Books
 b - a book of Necromancy

   Spells                             Type                      Level
   *Pain                              Necromancy                   1
   *Animate Skeleton                  Necromancy                   1
   Lethal Infusion                    Charms/Necromancy            2
   *Vampiric Draining                 Necromancy                   3
   Regeneration                       Charms/Necromancy            3
   *Animate Dead                      Necromancy                   4
   Control Undead                     Necromancy                   4
 D - Cism's Disquisition on Unholy Magic
   (You found it on level 5 of the Dungeon)

   Spells                             Type                      Level
   *Animate Skeleton                  Necromancy                   1
   Regeneration                       Charms/Necromancy            3
   *Dispel Undead                     Necromancy                   5
   Simulacrum                         Ice/Necromancy               6
 U - a book of Death

   Spells                             Type                      Level
   Corpse Rot                         Necromancy                   2
   Sublimation of Blood               Necromancy                   2
   Agony                              Necromancy                   5
   *Dispel Undead                     Necromancy                   5
   Excruciating Wounds                Charms/Necromancy            5
   Bolt of Draining                   Conjuration/Necromancy       6


   Skills:
 + Level 0.2 Fighting
 + Level 0.2 Polearms
 + Level 0.3 Throwing
 + Level 2.6 Armour
 + Level 3.0 Dodging
 + Level 2.7 Stealth
 + Level 1.0 Traps & Doors
 + Level 0.3 Unarmed Combat
 + Level 6.6 Spellcasting
 * Level 10.8 Necromancy


You had 7 spell levels left.
You knew the following spells:

 Your Spells              Type           Power        Failure   Level  Hunger
a - Pain                  Necr           #####        1%          1    None
b - Vampiric Draining     Necr           ######....   1%          3    Strawberry
c - Animate Skeleton      Necr           N/A          1%          1    None
d - Animate Dead          Necr           N/A          1%          4    Honeycomb
e - Dispel Undead         Necr           ######...    3%          5    Honeycomb

Dungeon Overview and Level Annotations

Branches:
Dungeon (8/27)             Temple (1/1) D:5             Orc (0/4) D:6
   Lair: D:8-13

Altars:
Ashenzari
Cheibriados
Elyvilon
Fedhas
Kikubaaqudgha
Makhleb
Nemelex Xobeh
Okawaru
Sif Muna
The Shining One
Trog
Vehumet
Xom
Yredelemnul
Zin
Beogh

Shops:
D:8: /


Innate Abilities, Weirdness & Mutations

You can fly.
You have a beak for a mouth.
You have claws for feet.


Message History

Confirm with . or Enter, or press ? or * to list all spells.
Aiming: Vampiric Draining
Press: ? - help, Shift-Dir - straight line, f - ice beast
Aim: an ice beast (heavily wounded)
The ice beast is almost dead.
You feel life coursing into your body. The hobgoblin closely misses you.
The ice beast hits you.
* * * LOW HITPOINT WARNING * * *
The ice beast freezes you!
* * * LOW HITPOINT WARNING * * *
Casting: Vampiric Draining
Confirm with . or Enter, or press ? or * to list all spells.
Aiming: Vampiric Draining
Press: ? - help, Shift-Dir - straight line, f/p - ice beast
Aim: an ice beast (almost dead)
You kill the ice beast!
Your Traps & Doors skill increases to level 1!
The orc priest mumbles some strange prayers to Beogh against you.
Something smites you!
You die...

#..........#
#..∩...# .
#......##....
#......##.....
#......##.....#
###......##.....#
#........##$....#
#........##.(...##.
#....<#(@(o........
#.....#..g..........
#.)...#......###...
#.....#........?....
##)................
####.#............
#.######....... #.#
...... #.# #####


You could see an orc priest and a hobgoblin.

Vanquished Creatures
  The ghost of PsyMar the Ducker, an experienced FeBe of Trog (D:7)
  A spriggan (D:7)
  A sky beast (D:7)
  3 orc warriors (D:6)
  An ice beast (D:8)
  3 ogres
  3 centaurs
  2 giant frogs (D:6)
  2 big kobolds (Port)
  A killer bee zombie (D:6)
  A crimson imp (D:4)
  A goliath beetle (D:6)
  5 orc priests
  2 iguanas
  3 orc wizards
  A worker ant (D:6)
  A jelly (D:5)
  3 green rats
  13 adders
  An iguana skeleton (D:6)
  A giant mite (D:4)
  6 worms
  An adder skeleton (D:4)
  A giant eyeball (D:7)
  34 orcs
  8 giant cockroaches
  6 grey rats
  17 hobgoblins
  2 jackals (D:6)
  17 kobolds
  An ooze (Port)
  2 quokkas
  6 ball pythons
  12 bats
  3 giant geckos
  7 giant newts
  12 goblins
  A hobgoblin skeleton (D:5)
  9 rats
  4 toadstools (D:3)
199 creatures vanquished.

Vanquished Creatures (collateral kills)
  A big kobold (Port)
  2 orcs (D:6)
3 creatures vanquished.

Vanquished Creatures (others)
  Menkaure (D:6)
  A giant frog skeleton (D:6)
  A centaur skeleton (D:6)
  An ogre skeleton (D:6)
  2 hounds (D:6)
  A giant centipede zombie (D:6)
  An iguana skeleton (D:7)
  A bat zombie (D:6)
  A giant eyeball (D:6)
  A goblin zombie (D:6)
  A hobgoblin skeleton (D:7)
  A jackal zombie (D:6)
  A kobold skeleton (D:6)
  2 orc skeletons
  3 orc zombies (D:6)
19 creatures vanquished.

Grand Total: 221 creatures vanquished

Notes
Turn   | Place    | Note
--------------------------------------------------------------
     0 | D:1      | dpeg, the Tengu Necromancer, began the quest for the Orb.
     0 | D:1      | Reached XP level 1. HP: 10/10 MP: 3/3
   479 | D:1      | Reached XP level 2. HP: 15/15 MP: 3/5
  1023 | D:2      | Reached skill level 5 in Necromancy
  1384 | D:2      | Reached XP level 3. HP: 13/19 MP: 3/7
  2183 | D:3      | Reached XP level 4. HP: 21/24 MP: 6/9
  2309 | D:3      | Learned a level 3 spell: Vampiric Draining
  2707 | D:3      | Reached skill level 6 in Necromancy
  2992 | D:3      | Found a glowing silver altar of Zin.
  3335 | D:3      | Reached XP level 5. HP: 25/28 MP: 10/13
  3600 | D:4      | Found a glowing golden altar of the Shining One.
  3808 | D:3      | Learned a level 1 spell: Animate Skeleton
  3935 | D:5      | Entered Level 5 of the Dungeon
  4546 | D:5      | Found a staircase to the Ecumenical Temple.
  4558 | D:5      | Got an engraved book
  4559 | D:5      | Identified Cism's Disquisition on Unholy Magic (You found it on level 5 of the Dungeon)
  4567 | Temple   | Entered the Ecumenical Temple
  4737 | D:5      | Found an ancient bone altar of Kikubaaqudgha.
  5535 | D:5      | Reached XP level 6. HP: 29/32 MP: 13/16
  5727 | D:6      | Found a staircase to the Orcish Mines.
  5877 | D:6      | Reached skill level 1 in Armour
  6180 | D:6      | Reached skill level 7 in Necromancy
  6397 | D:6      | Noticed Menkaure
  6734 | D:6      | Reached XP level 7. HP: 29/36 MP: 12/18
  6753 | D:6      | Found a glowing drain. 6857
                  | sewer
                  | Entered the sewers 7851
                  | sewer
                  | Reached skill level 5 in Spellcasting
  8146 | D:6      | Killed Menkaure
  8739 | D:4      | Reached skill level 8 in Necromancy
  8749 | D:4      | Reached XP level 8. HP: 29/41 MP: 9/20
  9718 | D:6      | Learned a level 4 spell: Animate Dead
  9769 | D:6      | Found a roughly hewn altar of Beogh.
 10045 | D:7      | Reached skill level 9 in Necromancy
 10155 | D:7      | Noticed PsyMar's ghost (experienced FeBe)
 10164 | D:7      | Learned a level 5 spell: Dispel Undead
 10167 | D:7      | Killed PsyMar's ghost
 10167 | D:7      | Reached XP level 9. HP: 29/45 MP: 16/22
 10351 | D:6      | Reached skill level 10 in Necromancy
 11911 | D:8      | Found Troez's Magical Wand Boutique.
 11957 | D:8      | HP: 2/45 [centaur/arrow of frost (14)]
 11964 | D:8      | Reached skill level 1 in Traps & Doors
 11964 | D:8      | Killed from afar by an orc priest
